AoeStats
← 貓妖

Northern Isles

510537288Analyzed
1v1 RM · 2d ago on Oct 1, 2026· 34m 30s· 2 players
Game mode
Random Map
Map size
Tiny (2 player)
Population
200
Speed
Normal
Resources
Standard
Victory
Conquest
Starting age
Dark Age
Ending age
Imperial Age
RankedLock teamsTeams togetherTeam positionsShared explorationLock speedFull tech treeHidden civsTurbo modeCheats
Victory
Defeat
🇺🇸 Huns · United States
1166
+17
🇹🇼 Varangians · Taiwan
1182
-17
Blake Beartles
6:28 Loom
9:19 Feudal Age
23:18 Castle Age
22:20 Horse Collar
22:27 Double-Bit Axe
23:55 Bloodlines
24:03 Forging
26:16 Iron Casting
28:03 Bow Saw
29:45 Thumb Ring
29:00 Crossbowman
31:37 Town Watch
34:18 Scale Barding Armor
貓妖
11:14 Feudal Age
16:21 Castle Age
14:32 Fletching
14:43 Padded Archer Armor
18:10 Loom
23:11 Wheelbarrow
22:32 Double-Bit Axe
24:31 Fishing Lines
30:26 Light Cavalry
Connection lost

Rejoining the realm…

Still unreachable

The connection could not be restored.

Session expired

The server has moved on; the page needs a fresh start.